Unix NetHack Version 3.7.0-101 Work-in-progress - last build Apr 1 2024 01:38:13 (a918b33ba548942b39fbf317ac6a96664004a8da,branch:master). Game began 2024-04-01 09:18:24, ended 2024-04-01 09:25:15. elenmirie, neutral female gnomish Archeologist ---------- |........| ------- #.........-# |.{...-# #----------# |.....|# # # |.....|# # ## ---.---# -------- # # ## # |)%.]+?| # # # # # |?!?!+m| ---|- # # # # ------- |??%.(@---- |...| # #####################.......## ----).*)@.-### |..(.######## ## # # |.....| ## # |?!f!..| ## |...|## # ##### ## |.....| # -----# |[+].%!| ####.`<..# ## # ###..>...| # |.).-# -------- -+--- #----------- |.....| ##-^..| #..........| ------- |...| |.........-### ----- |....{....| ----------- Elenmirie the Field Worker St:12 Dx:11 Co:8 In:15 Wi:18 Ch:12 Neutral Dlvl:3 $:0 HP:0(27) Pw:7(7) AC:8 Xp:3/55 T:1459 Latest messages: You see here a whistle (for sale, 13 zorkmids). "For you, honored lady; only 13 zorkmids for this whistle." x - a whistle (unpaid, 13 zorkmids). What do you want to use or apply? [agijltwx or ?*] x You produce a high whistling sound. What do you want to call? [sux or ?*] x Call a whistle: tin What do you want to drop? [a-dgijlpqs-uwx or ?*] x You drop a whistle called tin (unpaid, 13 zorkmids). Coco eats a tripe ration. You see here a scroll labeled FNORD (for sale, 80 zorkmids). (For instructions type a '?') Call a scroll labeled FNORD: exrc fno Wait! That's a small mimic! You lash the small mimic. You lash the small mimic. You miss the small mimic. You lash the small mimic. Coco picks up a worthless piece of yellow glass. You lash the small mimic. Coco drops a worthless piece of yellow glass. The small mimic hits! You lash the small mimic. You lash the small mimic. You lash the small mimic. You lash the small mimic. The small mimic hits! You lash the small mimic. Coco picks up a gray spellbook. You lash the small mimic. You lash the small mimic. Coco drops a gray spellbook. You miss the small mimic. You lash the small mimic. The small mimic hits! You lash the small mimic. You miss the small mimic. You lash the small mimic. You lash the small mimic. Coco picks up a ruby potion. You lash the small mimic. You lash the small mimic. The small mimic hits! You die... Chibougamau gratefully inherits all your possessions. Do you want to see what you had when you died? [ynq] (y) y Do you want to see your attributes? [ynq] (y) y Do you want an account of creatures vanquished? [ynaq] (y) y Do you want to see your conduct and achievements? [ynq] (y) y Do you want to see the dungeon overview? [ynq] (y) y Inventory: Weapons p - 28 uncursed +0 darts (at the ready) a - an uncursed +2 bullwhip (weapon in right hand) Armor c - an uncursed +0 fedora (being worn) b - a blessed +0 leather jacket (being worn) Comestibles d - 7 uncursed food rations Potions u - an uncursed potion of enlightenment Rings s - an uncursed ring of free action q - an uncursed +1 ring of protection (on right hand) Tools w - an uncursed sack containing 3 items j - an uncursed bag of tricks (0:3) l - an uncursed magic marker (0:89) i - an uncursed oil lamp (lit) t - an uncursed tinning kit (0:51) Gems/Stones g - an uncursed touchstone Contents of the sack: 970 gold pieces a blessed scroll of identify an uncursed +0 pick-axe Elenmirie the Archeologist's attributes: Background: You were a Field Worker, a level 3 female gnomish Archeologist. You were neutral, nominally on a mission for Camaxtli who was opposed by Quetzalcoatl (lawful) and Huhetotl (chaotic). You were right-handed. You were in the Dungeons of Doom, on level 3. You entered the dungeon 1459 turns ago. You had 55 experience points, 25 more were needed to attain level 4. Basics: You had 0 out of 27 hit points. You had all 7 energy points (spell power). Your armor class was 8. Your wallet was empty, but you had 970 zorkmids stashed away in your pack. Autopickup was on, but temporarily disabled while inside the shop. Final Characteristics: Your strength was 12 (limit:18/50). Your dexterity was 11 (limit:18). Your constitution was 8 (limit:18). Your intelligence was 15 (limit:19). Your wisdom was 18 (limit:18). Your charisma was 12 (limit:18). Final Status: You weren't hungry. You were unencumbered. You were wielding a whip. You had basic skill with whip. Final Attributes: You were devoutly aligned. You had automatic searching. You had infravision. You had a small defense bonus (+1). You were warded. You are dead. Miscellaneous: You never encountered a bones level. Total elapsed playing time was 6 minutes and 49 seconds. Major events: Turn 1: elenmirie the neutral female gnomish Archeologist entered the dungeon 880: entered the Gnomish Mines 899: attained the rank of Field Worker (level 3) 1459: killed by a small mimic Vanquished creatures: an iguana a coyote a giant rat 6 jackals a kobold 3 goblins 7 grid bugs 2 bats 2 lichens 3 newts 27 creatures vanquished. No species were genocided or became extinct. Voluntary challenges: You were an atheist. You were illiterate. You never engraved Elbereth. You never genocided any monsters. You never polymorphed an object. You never changed form. You used no wishes. Achievements: You entered the Gnomish Mines. You attained the rank of Field Worker. You entered a shop. The Dungeons of Doom: levels 1 to 3 Level 1: A fountain. Level 2: Some fountains. Stairs down to The Gnomish Mines. Level 3: <- You were here. A general store, some fountains. Final resting place for you, killed by a small mimic. The Gnomish Mines: Level 3: Game over: ---------- / \ / REST \ / IN \ / PEACE \ / \ | elenmirie | | 970 Au | | killed by a | | small mimic | | | | | | 2024 | *| * * * | * _________)/\\_//(\/(/\)/\//\/|_)_______ Goodbye elenmirie the Archeologist... You died in The Dungeons of Doom on dungeon level 3 with 1193 points, and 970 pieces of gold, after 1459 moves. You were level 3 with a maximum of 27 hit points when you died.